 Dungeon Crawl Stone Soup version 0.20.1-1-g8b1a95d (webtiles) character file.

14623 Gargoyl the Protected (level 11, -6/84 HPs)
             Began as a Minotaur Abyssal Knight on Aug 7, 2017.
             Was a High Priest of Lugonu.
             Mangled by a two-headed ogre
             ... wielding a +0 giant spiked club
              (9 damage)
             ... in a volcano.
             The game lasted 00:30:14 (15282 turns).

Gargoyl the Protected (Minotaur Abyssal Knight)    Turns: 15282, Time: 00:30:15

Health: -6/84      AC: 21    Str: 22    XL:     11   Next: 91%
Magic:  16/20      EV:  7    Int:  9    God:    Lugonu [*****.]
Gold:   590        SH: 11    Dex: 12    Spells: 10/10 levels left

rFire    . . .     SeeInvis .   f - +4 hand axe
rCold    . . .     Gourm    .   q - +0 shield
rNeg     . . .     Faith    .   X - +0 plate armour
rPois    .         Spirit   .   (helmet restricted)
rElec    .         Reflect  .   v - +2 cloak
rCorr    +         Harm     .   (no gloves)
MR       .....                  (no boots)
Stlth    ..........             e - amulet of rage
Regen    0.3/turn               d - ring of resist corrosion
MPRegen  0.2/turn               V - +4 ring of strength

@: no status effects
A: retaliatory headbutt, horns 2, molten scales 1, frail 1, high mp 2, wild
magic 1
a: Depart the Abyss, Bend Space, Banish, Corrupt, Enter the Abyss, Renounce
Religion, Evoke Berserk Rage


You were in a volcano.
You worshipped Lugonu.
Lugonu was extremely pleased with you.
You were hungry.

You visited 2 branches of the dungeon, and saw 11 of its levels.
You visited the Abyss 1 time.
You also visited: Ossuary and Volcano.

You collected 932 gold pieces.
You spent 342 gold pieces at shops.

Inventory:

Hand Weapons
 b - a +0 war axe
 f - a +4 hand axe (weapon)
 P - a +3 hand axe
Missiles
 G - 18 tomahawks (quivered)
Armour
 q - a +0 shield (worn)
 v - a +2 cloak (worn)
 X - a +0 plate armour (worn)
Jewellery
 d - a ring of resist corrosion (left hand)
 e - an amulet of rage (around neck)
 V - a +4 ring of strength (right hand)
Wands
 m - a wand of iceblast (0/15)
 w - a wand of confusion (31/48)
 x - a wand of random effects (6/48)
 y - a wand of acid (0/15)
 A - a wand of confusion (25/48)
 D - a wand of flame (36/48)
 O - a wand of random effects (23/48)
 Q - a wand of flame (27/48)
 S - a wand of paralysis (15/24)
 T - a wand of iceblast (0/15)
 U - a wand of paralysis (4/24)
 Y - a wand of clouds (1/9)
Scrolls
 a - 4 scrolls of teleportation
 h - 2 scrolls of fog
 p - 11 scrolls of remove curse
 B - a scroll of identify
 J - a scroll of amnesia
 M - 3 scrolls of blinking
Potions
 i - 4 potions of heal wounds
 k - 4 potions of curing
 o - 2 potions of resistance
 r - 2 potions of cancellation {unknown}
 s - 8 potions of invisibility
 t - 3 potions of might
 u - a potion of degeneration {unknown}
 z - a potion of berserk rage
 C - 2 potions of haste
 F - 3 potions of agility
 H - a potion of magic {unknown}
 I - 2 potions of flight {unknown}
 K - 2 potions of brilliance {unknown}
 N - a potion of ambrosia {unknown}
Books
 g - a book of Callings

   Spells                             Type                      Level
   a - Summon Small Mammal            Summoning                    1
   b - Call Imp                       Summoning                    2
   c - Call Canine Familiar           Summoning                    3
   d - Summon Guardian Golem          Hexes/Summoning              3
   e - Summon Lightning Spire         Summoning/Air                4
   f - Summon Ice Beast               Ice/Summoning                4
 n - a book of Minor Magic

   Spells                             Type                      Level
   a - Magic Dart                     Conjuration                  1
   b - Blink                          Translocation                2
   c - Call Imp                       Summoning                    2
   d - Slow                           Hexes                        2
   e - Conjure Flame                  Conjuration/Fire             3
   f - Mephitic Cloud                 Conjuration/Poison/Air       3
 R - a book of Maledictions

   Spells                             Type                      Level
   a - Corona                         Hexes                        1
   b - Ensorcelled Hibernation        Hexes/Ice                    2
   c - Confuse                        Hexes                        3
   d - Tukima's Dance                 Hexes                        3
   e - Dazzling Spray                 Conjuration/Hexes            3
 W - a book of Clouds

   Spells                             Type                      Level
   a - Poisonous Vapours              Poison/Air                   2
   b - Mephitic Cloud                 Conjuration/Poison/Air       3
   c - Conjure Flame                  Conjuration/Fire             3
   d - Freezing Cloud                 Conjuration/Ice/Air          6
   e - Ring of Flames                 Charms/Fire                  7
Comestibles
 c - 10 bread rations
 j - 9 meat rations
 l - 3 royal jellies
 E - 3 chunks of flesh
 L - a fruit


   Skills:
 + Level 7.8 Fighting
 + Level 11.6 Axes
   Level 1.0(7.5) Polearms
 * Level 12.7 Armour
 + Level 4.2 Dodging
 + Level 7.7 Shields
 * Level 8.8 Invocations
 + Level 1.6 Evocations


You had 10 spell levels left.
You didn't know any spells.

Dungeon Overview and Level Annotations

Branches:
Dungeon (10/15)            Temple (0/1) D:7            Lair (1/6) D:10
    Orc: D:9-12

Altars:
Cheibriados
Dithmenos
Elyvilon
Fedhas
Gozag
Kikubaaqudgha
Qazlal
Ru
Sif Muna
Trog
Zin
The Shining One
Beogh

Shops:
D:6 [   D:8 ?*


Innate Abilities, Weirdness & Mutations

You reflexively headbutt those who attack you in melee.
You have a pair of horns on your head.
You are partially covered in molten scales. (AC +2)
You are frail. (-10% HP)
You have a considerably increased reservoir of magic. (+20% MP)
Your spells are a little harder to cast, but a little more powerful.


Message History

Unknown command.
You hit the two-headed ogre.
The two-headed ogre is severely wounded.
You hit the wyvern.
You kill the wyvern!
Lugonu accepts your kill.
You completely miss the plant.
The salamander hits the plant!
The plant is destroyed!
The two-headed ogre hits you with a giant club!!
* * * LOW HITPOINT WARNING * * *
You block the two-headed ogre's attack.
Unknown command.
Press: ? - help, Shift-Dir - straight line, f - two-headed ogre
Aim: a two-headed ogre, wielding a giant spiked club and a giant club (chance to defeat MR: 73%)
The two-headed ogre struggles to resist.
You are feeling hungry.
The two-headed ogre hits you with a giant spiked club!
* * * LOW HITPOINT WARNING * * *
The two-headed ogre hits you with a giant club!
You die...

≈≈≈§§
≈PPP§§
♣♣♣P.P.P♣
♣♣...P..P.
♣♣.N.♣
♣..♣†..P♣
♣O.♣♣.....♣
♣PO♣ PP..P.
♣♣@♣♣ .PP..
♣P.P♣ §≈P♣.
♣♣.P♣ §§♣
♣..♣♣ §§♣
♣P..♣♣
♣P.P.♣
♣♣..P♣
♣P.♣♣ ♣♣.♣


You could see a salamander and 2 two-headed ogres.

Vanquished Creatures
  The ghost of oldnick the Covert, a journeyman OpVM of Vehumet (Lair:1)
  2 two-headed ogres
  An orc high priest (D:10)
  A fire crab (D:10)
  An ugly thing (D:10)
  A cyclops (D:9)
  Joseph (D:7)
  A gargoyle (D:10)
  Psyche (D:8)
  A spiny frog (Lair:1)
  2 kobold demonologists (D:10)
  A hornet (D:10)
  Prince Ribbit (D:8)
  Grinder (D:3)
  4 hippogriffs
  The ghost of gwathlobal the Skirmisher, an amateur GrCK of Xom (D:4)
  A shadow (D:10)
  2 wyverns (Volcano)
  A vampire (D:10)
  A yak (D:9)
  A hungry ghost (D:10)
  A fire bat (Volcano)
  Edmund (D:4)
  A water moccasin (D:9)
  A black bear (D:7)
  6 orc warriors
  An ice beast (D:9)
  4 phantoms
  2 sky beasts
  9 ogres
  4 centaurs
  4 wolves (Lair:1)
  A crocodile (Volcano)
  9 bullfrogs
  6 scorpions
  3 killer bees (D:5)
  8 wights
  An electric eel (D:9)
  6 crimson imps
  2 bullfrog zombies
  A quasit (D:5)
  8 hounds
  3 jellies
  16 orc wizards
  A gnoll shaman (D:5)
  11 orc priests
  Crazy Yiuf (D:3)
  A centaur skeleton (D:10)
  Jessica (D:3)
  Natasha (thrice) (D:4)
  5 iguanas
  4 worker ants
  9 mummies
  Robin (D:3)
  8 gnolls (D:5)
  A howler monkey skeleton (D:6)
  A worker ant zombie (D:7)
  10 adders
  2 shadow imps
  An ufetubus (Abyss:1)
  2 oozes
  2 adder skeletons
  An adder zombie (D:7)
  2 worms
  A dart slug (D:1)
  7 leopard geckos
  48 orcs
  8 giant cockroaches
  14 goblins
  8 hobgoblins
  14 jackals
  5 quokkas
  4 ball pythons
  5 bats
  6 frilled lizards
  A gnoll zombie (Ossuary)
  2 hobgoblin zombies (Ossuary)
  A jackal skeleton (D:4)
  A jackal zombie (D:5)
  12 kobolds
  4 kobold zombies (Ossuary)
  A leopard gecko skeleton (D:6)
  A leopard gecko zombie (D:7)
  3 orc zombies
  8 rats
  2 plants (D:10)
348 creatures vanquished.

Vanquished Creatures (others)
  A hound (D:7)
  2 plants (Volcano)
3 creatures vanquished.

Grand Total: 351 creatures vanquished

Notes
Turn   | Place    | Note
-------+----------+-------------------------------------------
     0 | Abyss:1  | Gargoyl the Minotaur Abyssal Knight began the quest for the Orb.
     0 | Abyss:1  | Reached XP level 1. HP: 19/19 MP: 1/1
    66 | Abyss:1  | Noticed a neqoxec
   108 | Abyss:1  | Noticed a soul eater
   121 | Abyss:1  | Noticed an ancient lich
   122 | Abyss:1  | Gained mutation: You are frail. (-10% HP) [a neqoxec]
   123 | D:1      | Escaped the Abyss
   200 | D:1      | Reached XP level 2. HP: 23/24 MP: 2/2
   344 | D:1      | Reached * piety under Lugonu
   507 | D:1      | Reached XP level 3. HP: 21/29 MP: 3/3
   566 | D:1      | Reached skill level 3 in Armour
  1316 | D:2      | Reached ** piety under Lugonu
  1631 | D:2      | Reached XP level 4. HP: 36/36 MP: 4/4
  1741 | D:3      | Noticed Grinder
  1752 | D:3      | Killed Grinder
  1752 | D:3      | Reached skill level 4 in Armour
  1752 | D:3      | Reached XP level 5. HP: 26/42 MP: 4/6
  1752 | D:3      | Reached XP level 6. HP: 30/47 MP: 4/7
  1756 | D:3      | Reached skill level 5 in Axes
  1759 | D:3      | Noticed Jessica
  1772 | D:3      | Killed Jessica
  2068 | D:3      | Found a snail-covered altar of Cheibriados.
  2072 | D:3      | Noticed Robin
  2081 | D:3      | Killed Robin
  2081 | D:3      | Reached skill level 5 in Armour
  2264 | D:3      | Found a faded altar of an unknown god.
  2343 | D:3      | Found a runed door.
  2377 | D:3      | Found a sacrificial altar of Ru.
  2383 | D:3      | Reached *** piety under Lugonu
  2541 | D:3      | Noticed Crazy Yiuf
  2548 | D:3      | Killed Crazy Yiuf
  2693 | D:4      | Reached XP level 7. HP: 28/54 MP: 8/8
  2904 | D:4      | Noticed Natasha
  2914 | D:4      | Killed Natasha
  3055 | D:4      | Reached skill level 1 in Shields
  3055 | D:4      | Reached skill level 5 in Fighting
  3061 | D:4      | Reached skill level 6 in Armour
  3215 | D:4      | Noticed gwathlobal's ghost (amateur GrCK)
  3232 | D:4      | Killed gwathlobal's ghost
  3592 | D:4      | Found a white marble altar of Elyvilon.
  3600 | D:4      | Noticed Natasha
  3604 | D:4      | Noticed Edmund
  3611 | D:4      | Killed Natasha
  3618 | D:4      | Reached XP level 8. HP: 23/61 MP: 8/10
  3627 | D:4      | Killed Edmund
  3874 | D:4      | Reached skill level 7 in Armour
  4093 | D:4      | Reached **** piety under Lugonu
  4129 | D:4      | Noticed Natasha
  4137 | D:4      | Killed Natasha
  4490 | D:5      | Entered Level 5 of the Dungeon
  4983 | D:5      | Found a glowing golden altar of the Shining One.
  5155 | D:5      | Reached skill level 8 in Armour
  5155 | D:5      | Reached skill level 5 in Invocations
  5173 | D:5      | Got a dazzling spear
  5174 | D:5      | Identified the +2 spear of the Gloaming {venom, Dex+2} (You found it on level 5 of the Dungeon)
  5449 | D:5      | Reached XP level 9. HP: 48/66 MP: 11/11
  6170 | D:6      | Found a bloodstained altar of Trog.
  6531 | D:6      | Reached skill level 1 in Polearms
  6569 | D:6      | Found Yckynk's Antique Armour Boutique.
  6606 | D:6      | Reached skill level 9 in Armour
  7295 | D:7      | Noticed Joseph
  7316 | D:7      | Killed Joseph
  7775 | D:7      | Found a staircase to the Ecumenical Temple.
  8230 | D:7      | Found a stormy altar of Qazlal.
  8318 | D:7      | Reached ***** piety under Lugonu
  8347 | D:7      | Reached skill level 10 in Armour
  8347 | D:7      | Reached skill level 5 in Shields
  8610 | D:7      | Reached XP level 10. HP: 67/74 MP: 13/13
  8620 | D:7      | Gained mutation: You have a somewhat thin skeletal structure. (Dex +2, Stealth) [mutagenic meat]
  8621 | D:7      | Gained mutation: Your magical capacity is low. (-10% MP) [mutagenic meat]
  8622 | D:7      | Gained mutation: You have a pair of large horns on your head. [mutagenic meat]
  8623 | D:7      | Gained mutation: You are weak. (Str -2) [mutagenic meat]
  8625 | D:7      | Lost mutation: Your magical capacity is low. (-10% MP) [potion of mutation]
  8625 | D:7      | Lost mutation: You have a somewhat thin skeletal structure. (Dex +2, Stealth) [potion of mutation]
  8625 | D:7      | Lost mutation: You have a pair of large horns on your head. [potion of mutation]
  8625 | D:7      | Lost mutation: You are weak. (Str -2) [potion of mutation]
  8625 | D:7      | Gained mutation: You are partially covered in molten scales. (AC +2) [potion of mutation]
  8625 | D:7      | Gained mutation: You have an increased reservoir of magic. (+10% MP) [potion of mutation]
  8625 | D:7      | Gained mutation: Your spells are a little harder to cast, but a little more powerful. [potion of mutation]
  8625 | D:7      | Gained mutation: You have a considerably increased reservoir of magic. (+20% MP) [potion of mutation]
  8940 | D:8      | Found Heiryoh's Magic Scroll Emporium.
  8965 | D:8      | Found an opulent altar of Gozag.
  8989 | D:8      | Bought a scroll of teleportation for 36 gold pieces
  8989 | D:8      | Bought 3 scrolls of blinking for 270 gold pieces
  8989 | D:8      | Bought a scroll of teleportation for 36 gold pieces
  9028 | D:8      | Found Velel's Assorted Antiques.
  9098 | D:8      | Noticed Psyche
  9110 | D:8      | Killed Psyche
  9370 | D:8      | Noticed Prince Ribbit
  9380 | D:8      | Killed Prince Ribbit
  9415 | D:8      | Found a sand-covered staircase.
  9426 | Ossuary  | Entered an ossuary
 10200 | D:8      | Found a glowing silver altar of Zin.
 10244 | D:8      | Found a blossoming altar of Fedhas.
 10246 | D:8      | Found a deep blue altar of Sif Muna.
 10394 | D:8      | Noticed a two-headed ogre
 10405 | D:8      | Killed a two-headed ogre
 10405 | D:8      | Reached skill level 10 in Axes
 10405 | D:8      | Reached skill level 11 in Armour
 10683 | D:9      | Found an ancient bone altar of Kikubaaqudgha.
 10927 | D:9      | Found a shadowy altar of Dithmenos.
 11339 | D:9      | Noticed a cyclops
 11348 | D:9      | Killed a cyclops
 11797 | D:9      | Reached XP level 11. HP: 76/82 MP: 18/18
 12043 | D:10     | Entered Level 10 of the Dungeon
 12157 | D:10     | Found a staircase to the Lair.
 12191 | D:10     | Found a roughly hewn altar of Beogh.
 12237 | D:10     | Reached ****** piety under Lugonu
 12651 | D:10     | Noticed a two-headed ogre
 12665 | D:10     | Killed a two-headed ogre
 13060 | D:10     | Noticed an orc high priest
 13062 | D:10     | Found a transporter.
 13065 | D:10     | Noticed a fire crab
 13082 | D:10     | Reached skill level 12 in Armour
 13115 | D:10     | Noticed a sixfirhy
 13541 | D:10     | Killed an orc high priest
 13543 | D:10     | Killed a fire crab
 13543 | D:10     | Reached skill level 1 in Evocations
 13765 | D:10     | Found a transporter.
 14323 | D:10     | Noticed a red ugly thing
 14336 | D:10     | Killed a red ugly thing
 14771 | Lair:1   | Entered Level 1 of the Lair of Beasts
 14791 | Lair:1   | Noticed oldnick's ghost (journeyman OpVM)
 14810 | Lair:1   | Killed oldnick's ghost
 15146 | Lair:1   | Found a dark tunnel.
 15151 | Volcano  | Entered a volcano
 15267 | Volcano  | Noticed a two-headed ogre
 15268 | Volcano  | Noticed a two-headed ogre
 15282 | Volcano  | HP: 3/84 [two-headed ogre/giant spiked club (10)]
 15282 | Volcano  | Mangled by a two-headed ogre

Skill      XL: |  1  2  3  4  5  6  7  8  9 10 11 |
---------------+----------------------------------+-----
Invocations    | 2 3 4 5 6 7 8 |  8.8
Fighting       | 4 5 6 7 |  7.8
Axes           | 3 4 5 7 8 9 10 11 | 11.6
Armour         | 3 4 5 6 8 10 11 12 | 12.7
Shields        | 1 3 5 6 7 |  7.7
Dodging        | 2 3 4 |  4.2
Polearms       | 1 |  1.0
Evocations     | 1 |  1.6

Action                   |  1- 3 |  4- 6 |  7- 9 | 10-12 || total
-------------------------+-------+-------+-------+-------++-------
Melee: Hand axe          |    72 |    81 |   333 |   663 ||  1149
       Headbutt          |     4 |    11 |    59 |   143 ||   217
       Spear             |       |       |    49 |       ||    49
Invok: Depart the Abyss  |     1 |       |       |       ||     1
       Banish            |       |       |       |     5 ||     5
 Abil: Evoke Berserk Rag |       |       |       |     1 ||     1
Evoke: Wand              |       |       |       |    14 ||    14
  Use: Scroll            |     7 |       |    10 |     8 ||    25
       Potion            |     1 |       |     5 |     2 ||     8
 Stab: Invisible         |       |     1 |       |       ||     1
       Paralysed         |       |     1 |       |       ||     1
  Eat: Chunk             |     2 |     3 |    14 |    26 ||    45
       Bread ration      |       |       |     1 |     1 ||     2
Armor: Leather armour    |    14 |       |       |       ||    14
       Scale mail        |    16 |    38 |   111 |       ||   165
       Chain mail        |       |       |    64 |   110 ||   174
       Skin              |       |       |    14 |     2 ||    16
       Plate armour      |       |       |       |   143 ||   143
Dodge: Dodged            |    35 |    42 |   113 |   145 ||   335
Block: Shield            |       |    24 |   188 |   274 ||   486
